 Dungeon Crawl Stone Soup version 0.29-a0-275-g389c0b56f3 (webtiles) character file.

Game seed: 11074345390590314211

214 Conn the Firebug (level 5, 0/31 HPs)
             Began as an Octopode Fire Elementalist on Mar 12, 2022.
             Slain by a sky beast (1 damage)
             ... on level 3 of the Dungeon.
             The game lasted 00:05:29 (2642 turns).

Conn the Firebug (Octopode Fire Elementalist)       Turns: 2642, Time: 00:05:30

Health: 0/31       AC:  5    Str:  7    XL:     5   Next: 92%
Magic:  5/9        EV: 13    Int: 19    God:
Gold:   108        SH:  0    Dex: 13    Spells: 3/10 levels left

rFire   . . .      SeeInvis .   p - staff of conjuration
rCold   . . .      Faith    .   (no shield)
rNeg    . . .      Spirit   .   (helmet restricted)
rPois   .          Reflect  .   (no amulet)
rElec   .          Harm     .   m - +4 ring of protection
rCorr   .          Rampage  .   (no ring)
Will    .....                   (no ring)
Stlth   +++.......              (no ring)
HPRegen 0.10/turn               (no ring)
MPRegen 0.11/turn               (no ring)
                                (no ring)
                                (no ring)

@: no status effects
A: almost no armour, amphibious, 8 rings, camouflage 1, gelatinous body 1,
(nimble swimmer 1), tentacles
a: no special abilities


You were on level 3 of the Dungeon.
You visited 2 branches of the dungeon, and saw 5 of its levels.

You collected 108 gold pieces.

Inventory:

Hand Weapons
 j - a +0 dagger
 n - a +3 quarterstaff of chaos
Magical Staves
 p - a staff of conjuration (weapon)
Jewellery
 i - a ring of ice
 m - a +4 ring of protection (left tentacle)
Scrolls
 c - a scroll of brand weapon {unknown}
 e - a scroll of fear {unknown}
 f - a scroll of enchant weapon {unknown}
 g - a scroll of identify {unknown}
 h - a scroll of amnesia {unknown}
 o - a scroll of enchant armour {unknown}
Potions
 a - 2 potions of magic
 b - a potion of curing {unknown}
 d - a potion of brilliance {unknown}
 k - a potion of lignification {unknown}
 l - a potion of attraction {unknown}
 q - a potion of flight {unknown}
 r - a potion of cancellation {unknown}


   Skills:
 + Level 0.2 Fighting
 + Level 0.8 Staves
 + Level 2.4 Dodging
 + Level 3.7 Stealth
 + Level 3.2 Spellcasting
 + Level 2.4 Conjurations
 + Level 4.3 Fire Magic


You had 3 spell levels left.
You knew the following spells:

 Your Spells              Type           Power      Damage    Failure   Level
a - Foxfire               Conj/Fire      92%        2x1d8     3%          1
b - Conjure Flame         Conj/Fire      23%        6-21      11%         3
c - Inner Flame           Hex/Fire       11%        N/A       19%         3

Your spell library contained the following spells:

 Spells                   Type           Power      Damage    Failure   Level
 Scorch                   Fire           38%        2d6       3%          2
 Slow                     Hex            12%        N/A       14%         1
 Confusing Touch          Hex            3%         N/A       41%         3
 Vampiric Draining        Necr           3%         2d6       41%         3
 Flame Wave               Conj/Fire      23%        2d7       36%         4


Dungeon Overview and Level Annotations

Branches:
Dungeon (4/15)             Temple (1/1) D:4

Altars:
Ashenzari
Cheibriados
Dithmenos
Elyvilon
Gozag
Hepliaklqana
Kikubaaqudgha
Makhleb
Nemelex Xobeh
Qazlal
Ru
Trog
Uskayaw
Vehumet
Yredelemnul
The Shining One

Shops:
D:4 (


Innate Abilities, Weirdness & Mutations

You cannot wear most types of armour.
You are amphibious.
You can wear up to eight rings at the same time.
Your skin changes colour to match your surroundings (Stealth+).
Your rubbery body absorbs attacks. (AC +1, EV +1)
((You are camouflaged when in or above water. (Stealth+)))
You have tentacles for arms and can constrict up to eight enemies at once.


Message History

Confirm with . or Enter, or press ? or * to list all spells.
You feel a surge of power!
You conjure some foxfire!
The foxfire hits the orc priest.
The orc priest is almost dead.
The foxfire hits the orc priest.
You kill the orc priest!
The foxfire hits the orc warrior.
The orc warrior is lightly wounded.
The foxfire hits the orc warrior.
The orc warrior is moderately wounded.
There is a stone staircase leading up here.
Casting: Foxfire (safe; 3% risk of failure)
Confirm with . or Enter, or press ? or * to list all spells.
You feel a surge of power!
You conjure some foxfire!
Unknown command.
Casting: Foxfire (safe; 3% risk of failure)
Confirm with . or Enter, or press ? or * to list all spells.
You feel a surge of power!
You conjure some foxfire!
The foxfire hits the orc warrior.
The orc warrior is heavily wounded.
Unknown command.
The foxfire hits the orc warrior.
The orc warrior is heavily wounded.
The foxfire hits the orc warrior.
The orc warrior is severely wounded.
You climb upwards.
Reactivating autopickup.
The sky beast misses you. The sky beast hits you. The sky beast shocks you.
There is a stone staircase leading down here.
Okay, then.
Okay, then.
Found a book of Blood.
The sky beast attacks as you move away! The sky beast hits you.
* * * LOW HITPOINT WARNING * * *
The sky beast shocks you.
* * * LOW HITPOINT WARNING * * *
The sky beast flickers out of sight!
Deactivating autopickup; reactivate with Ctrl-A.
Something hits you.
You die...

.########
........######.##
.........@......#
######{######:##
#.# #.# #>### #
o..####...###...
o...............
...####...#.#..
#...#.#


There were no monsters in sight!

Vanquished Creatures
  Crazy Yiuf (D:2)
  An orc priest (D:4)
  Natasha (thrice) (D:2)
  An orc wizard (D:4)
  An adder (D:2)
  A dart slug (D:2)
  8 endoplasms
  3 giant cockroaches
  4 goblins
  5 hobgoblins
  3 kobolds
  A quokka (D:3)
  2 ball pythons (D:1)
  3 bats
  A frilled lizard (D:2)
  4 rats
42 creatures vanquished.

Vanquished Creatures (others)
  133 foxfires
133 creatures vanquished.

Grand Total: 175 creatures vanquished

Notes
Turn   | Place    | Note
-------+----------+-------------------------------------------
     0 | D:1      | Conn the Octopode Fire Elementalist began the quest for the
                  | Orb.
     0 | D:1      | Reached XP level 1. HP: 11/11 MP: 3/3
   398 | D:1      | Reached XP level 2. HP: 13/17 MP: 0/5
   939 | D:1      | Found a faded altar of an unknown god.
  1295 | D:2      | Reached XP level 3. HP: 21/21 MP: 0/6
  1370 | D:2      | Noticed Natasha
  1378 | D:2      | Killed Natasha
  1379 | D:2      | Reached XP level 4. HP: 9/27 MP: 0/7
  1587 | D:2      | Learned a level 3 spell: Conjure Flame
  1591 | D:2      | Learned a level 3 spell: Inner Flame
  1608 | D:2      | Found a runed translucent door.
  1609 | D:2      | Noticed Crazy Yiuf
  1628 | D:2      | Killed Crazy Yiuf
  1629 | D:2      | Reached skill level 4 in Fire Magic
  2162 | D:2      | Noticed Natasha
  2166 | D:2      | Killed Natasha
  2167 | D:2      | Reached XP level 5. HP: 31/31 MP: 5/9
  2232 | D:2      | Noticed Natasha
  2238 | D:2      | Killed Natasha
  2377 | D:2      | You fall into a shaft and drop 2 floors!
  2377 | D:4      | Noticed a two-headed ogre
  2377 | D:4      | Found an ancient bone altar of Kikubaaqudgha.
  2380 | D:4      | Found Onesaocu's Weapon Boutique.
  2430 | D:3      | Noticed a sky beast
  2472 | D:4      | Found a staircase to the Ecumenical Temple.
  2479 | D:4      | Noticed an orc warrior
  2486 | Temple   | Entered the Ecumenical Temple
  2641 | D:3      | HP: 1/31 [sky beast (6)]
  2642 | D:3      | Slain by a sky beast

Illustrated notes

Levels and vault maps discovered:
D:1:      amcnicky_arrival_single_pillar, layout_basic,
          chequers_ecumenical_altar_twisty
D:2:      layout_rooms, minmay_misc_feat_four_crosses, minmay_stone_trees_small,
          uniq_crazy_yiuf_cottage, uniq_natasha
D:3:      layout_loops_ring, fountainhead, hex_tiny
D:4:      layout_rooms, mainiacjoe_overflow_boulevard,
          minmay_temple_entry_drinking_statues, cheibrodos_sewer_entry_sluice,
          serial_shops, shop, uniq_grinder, uniq_eustachio
Temple:   eino_wide_crystal_templ

Skill      XL: |  1  2  3  4 |
---------------+-------------+-----
Stealth        | 3 |  3.7
Fire Magic     | 4 |  4.3
Conjurations   | 2 |  2.4
Spellcasting   | 3 |  3.2
Fighting       | |  0.2
Staves         | |  0.8
Dodging        | |  2.4

Action                   |  1- 3 |  4- 6 || total
-------------------------+-------+-------++-------
Melee: Unarmed           |     3 |       ||     3
       Dagger            |     5 |       ||     5
       Tentacles         |     4 |       ||     4
       Constrict         |     3 |     3 ||     6
       Quarterstaff      |       |     8 ||     8
       Staff             |       |     5 ||     5
 Cast: Foxfire           |    46 |    36 ||    82
       Conjure Flame     |       |     1 ||     1
       Inner Flame       |       |     1 ||     1
 Stab: Sleeping          |       |     3 ||     3
Armor: Skin              |     2 |     5 ||     7
Dodge: Dodged            |    12 |    26 ||    38

Table legend: (Time is in decaauts)
 A = Elapsed time spent in this place.
 B = Non-inter-level travel time spent in this place.
 C = Inter-level travel time spent in this place.
 D = Time resting spent in this place.
 E = Time spent auto-exploring this place.
 F = Levels seen in this place.
 G = Mean time per level.
                   A        B        C        D        E       F      G
               +--------+--------+--------+--------+--------+-----+--------+
         Total |   2651 |   2574 |     77 |      0 |   1974 |   5 |  530.2 |
       Dungeon |   2572 |   2502 |     70 |      0 |   1923 |   4 |  643.0 |
        Temple |     78 |     71 |      7 |      0 |     51 |   1 |   78.0 |
               +--------+--------+--------+--------+--------+-----+--------+

Top non-repeatable levels by time:
     D:1: 1216 daAuts
     D:2: 1168 daAuts
     D:4: 125 daAuts
  Temple: 78 daAuts
     D:3: 61 daAuts
